 Dungeon Crawl Stone Soup version 0.26-a0-712-ga5a9c9c9d0 (webtiles) character file.

Game seed: 10943184881056213642

126 Azzok the Chopper (level 4, -7/35 HPs)
             Began as a Demonspawn Berserker on Nov 4, 2020.
             Was a Believer of Trog.
             Killed from afar by an orc wizard (10 damage)
             ... with a magic dart
             ... on level 3 of the Dungeon.
             The game lasted 00:02:31 (2380 turns).

Azzok the Chopper (Demonspawn Berserker)            Turns: 2380, Time: 00:02:32

Health: -7/35      AC:  7    Str: 18    XL:     4   Next: 84%
Magic:  4/4        EV: 10    Int:  8    God:    Trog [**....]
Gold:   69         SH:  0    Dex: 13    Spells: 3/3 levels left

rFire    . . .     SeeInvis .   a - +0 hand axe
rCold    . . .     Faith    .   (no shield)
rNeg     + . .     Spirit   .   k - +1 scale mail {rN+}
rPois    .         Reflect  .   (no helmet)
rElec    .         Harm     .   (no cloak)
rCorr    +         Rampage  .   (no gloves)
MR       .....                  (no boots)
Stlth    ..........             (no amulet)
HPRegen  0.11/turn              e - ring of resist corrosion
MPRegen  0.09/turn              l - ring of flight

@: berserk cooldown, slowed, very slow
A: claws 2
a: Berserk, Trog's Hand, Renounce Religion, Evoke Flight


You were on level 3 of the Dungeon.
You worshipped Trog.
Trog was pleased with you.
You visited 1 branch of the dungeon, and saw 3 of its levels.

You collected 69 gold pieces.

Inventory:

Hand Weapons
 a - a +0 hand axe (weapon)
Armour
 k - a +1 scale mail of positive energy (worn)
Jewellery
 e - a ring of resist corrosion (left claw)
 l - a ring of flight (right claw)
Scrolls
 g - a scroll of enchant armour {unknown}
 h - a scroll of remove curse
 i - 4 scrolls of teleportation {unknown}
Potions
 b - a potion of mutation {unknown}
 c - a potion of magic
 d - 4 potions of curing
 f - a potion of brilliance {unknown}
 j - a potion of lignification


   Skills:
 + Level 3.4 Fighting
 * Level 4.4 Axes
 + Level 2.2 Armour
 + Level 2.2 Dodging


You had 3 spell levels left.
You didn't know any spells.
Your spell library was empty.

Dungeon Overview and Level Annotations

Branches:
Dungeon (3/15)

Altars:
Ashenzari
Sif Muna
Wu Jian
The Shining One


Innate Abilities, Weirdness & Mutations

You have very sharp fingernails.


Message History

The orc wizard hits you but does no damage.
You barely miss the orc wizard.
The orc wizard is severely wounded.
The orc wizard gestures wildly while chanting.
The orc wizard blinks!
The orc wizard mumbles some strange words.
The orc wizard blinks!
An orc wizard is nearby!
The orc wizard points at you and mumbles some strange words.
The magic dart hits you.
* * * LOW HITPOINT WARNING * * *
The orc wizard hits you with a +0 dagger.
* * * LOW HITPOINT WARNING * * *
You closely miss the orc wizard.
The orc wizard is severely wounded.
The orc wizard hits you with a +0 dagger.
* * * LOW HITPOINT WARNING * * *
The orc wizard points at you and mumbles some strange words.
The magic dart hits you!
You die...

▒·▒ ▒···▒ ▒·▒
▒·▒▒▒ ▒·▒ ▒·▒
▒·▒ ▒·▒ ▒·▒ ▒·▒
▒▒▒▒·▒▒▒>▒▒▒▒▒·
▒·····)·········
▒o▒▒▒▒▒▒▒▒▒▒▒▒▒▒
▒@▒ ▒·▒ ▒)▒ ▒)▒
▒)▒ ▒·▒ ▒·▒ ▒·▒
▒·▒


You could see an orc wizard (fast).

Vanquished Creatures
  An orc wizard (D:3)
  4 adders
  A worm (D:3)
  A leopard gecko (D:1)
  6 orcs (D:3)
  6 bats
  2 giant cockroaches
  7 goblins
  4 hobgoblins
  4 jackals (D:1)
  A ball python (D:1)
  5 frilled lizards (D:1)
  5 kobolds
  7 rats
54 creatures vanquished.

Notes
Turn   | Place    | Note
-------+----------+-------------------------------------------
     0 | D:1      | Azzok the Demonspawn Berserker began the quest for the Orb.
     0 | D:1      | Reached XP level 1. HP: 18/18 MP: 1/1
    41 | D:1      | Reached skill level 3 in Axes
    79 | D:1      | Gained mutation: You have sharp fingernails. [demonic
                  | ancestry]
    79 | D:1      | Reached XP level 2. HP: 23/24 MP: 2/2
   850 | D:2      | Gained mutation: You have very sharp fingernails. [demonic
                  | ancestry]
   850 | D:2      | Reached XP level 3. HP: 24/29 MP: 3/3
  1200 | D:2      | Reached skill level 4 in Axes
  1327 | D:2      | Found a glowing golden altar of the Shining One.
  1332 | D:2      | Found a shimmering blue altar of Sif Muna.
  1333 | D:2      | Found an ornate altar of the Wu Jian Council.
  1673 | D:3      | Reached ** piety under Trog
  1682 | D:3      | Reached XP level 4. HP: 35/35 MP: 4/4
  1993 | D:3      | Found a broken altar of Ashenzari.
  2380 | D:3      | Killed from afar by an orc wizard

Illustrated notes

Levels and vault maps discovered:
D:1:      wheals_arrival_shading, layout_rooms
D:2:      layout_rooms, minitemple
D:3:      layout_loops_ring, fedhas_altar_3, ashenzari_conservatory_becter,
          ebering_ghost_disaster_area, uniq_sigmund

Skill      XL: |  1  2  3 |
---------------+----------+-----
Axes           | 3 4 |  4.4
Armour         | 2 |  2.2
Dodging        | 2 |  2.2
Fighting       | |  3.4

Action                   |  1- 3 |  4- 6 || total
-------------------------+-------+-------++-------
Melee: Hand axe          |   101 |    77 ||   178
Invok: Berserk           |     3 |     1 ||     4
  Use: Scroll            |     4 |       ||     4
Armor: Leather armour    |    27 |       ||    27
       Animal skin       |     4 |       ||     4
       Ring mail         |     7 |       ||     7
       Scale mail        |    15 |    44 ||    59
Dodge: Dodged            |   114 |    37 ||   151

Table legend: (Time is in decaauts)
 A = Elapsed time spent in this place.
 B = Non-inter-level travel time spent in this place.
 C = Inter-level travel time spent in this place.
 D = Time resting spent in this place.
 E = Time spent auto-exploring this place.
 F = Levels seen in this place.
 G = Mean time per level.
                   A        B        C        D        E       F      G
               +--------+--------+--------+--------+--------+-----+--------+
         Total |   2423 |   2367 |     56 |    259 |   1675 |   3 |  807.7 |
       Dungeon |   2423 |   2367 |     56 |    259 |   1675 |   3 |  807.7 |
               +--------+--------+--------+--------+--------+-----+--------+

Top non-repeatable levels by time:
     D:2: 864 daAuts
     D:1: 833 daAuts
     D:3: 725 daAuts
